| TOP OF THE 1ST |
|
Oakland Oaks batting - Pitching for Colorado Avalanche : RHP Ted Hoffman
|
|
Pitching: RHP Ted Hoffman
|
|
|
Batting: LHB Bill Helmer
|
0-0: Called Strike 0-1: Ball 1-1: Bunt for hit to 56S - play at first, batter safe!
|
|
Batting: SHB Steve McGee
|
0-0: Called Strike 0-1: Ball 1-1: Foul Ball, location: 2F 1-2: Fly out, F8 (Flyball, 8LD, EV 91.9 MPH)
|
|
Batting: LHB Justin LeFlore
|
0-0: Foul Ball, location: 2F 0-1: Swinging Strike 0-2: Strikes out looking
|
|
Batting: SHB Chris King
|
0-0: Called Strike 0-1: Ball 1-1: Foul Ball, location: 2F 1-2: Ball 2-2: Fly out, F8 (Flyball, 8LD, EV 86.9 MPH)
|
| Top of the 1st over - 0 runs, 1 hit, 0 errors, 1 left on base; Oakland 0 - Colorado 0 |
| BOTTOM OF THE 1ST |
|
Colorado Avalanche batting - Pitching for Oakland Oaks : RHP Jasper Schrijver
|
|
Pitching: RHP Jasper Schrijver
|
|
|
Batting: RHB Ben Connelly
|
0-0: Fly out, F8 (Flyball, 8RS, EV 84.4 MPH)
|
|
Batting: SHB Taylor Shelton
|
0-0: Ball 1-0: Ball 2-0: Ball 3-0: Called Strike 3-1: Base on Balls
|
|
Batting: RHB Joe Shade
|
0-0: Foul Ball, location: 2F 0-1: Ball Taylor Shelton is caught stealing 2nd base 2-4 1-1: Ball 2-1: Swinging Strike 2-2: Ball 3-2: Foul Ball, location: 2F 3-2: Fly out, F3 (Popup, 3F, EV 78.8 MPH)
|
| Bottom of the 1st over - 0 runs, 0 hits, 0 errors, 0 left on base; Oakland 0 - Colorado 0 |
| TOP OF THE 2ND |
|
Oakland Oaks batting - Pitching for Colorado Avalanche : RHP Ted Hoffman
|
|
Batting: RHB Moises Guzman
|
0-0: Swinging Strike 0-1: Foul Ball, location: 2F 0-2: DOUBLE (Groundball, 5L, EV 100.0 MPH)
|
|
Batting: RHB Mario Medina
|
0-0: Swinging Strike 0-1: Foul Ball, location: 2F 0-2: Foul Ball, location: 2F 0-2: Foul Ball, location: 2F 0-2: Fly out, F8 (Flyball, 8LD, EV 76.9 MPH)
|
|
Batting: RHB Edwin Nunez
|
0-0: Ball 1-0: Called Strike 1-1: Swinging Strike 1-2: Strikes out swinging
|
|
Batting: RHB Robby Britton
|
0-0: Foul Ball, location: 2F 0-1: Ball 1-1: Called Strike 1-2: SINGLE (Line Drive, 6D, EV 99.4 MPH) Moises Guzman to third
|
|
Batting: RHB Matt Nehman
|
0-0: Ball 1-0: Called Strike 1-1: Foul Ball, location: 2F 1-2: Strikes out swinging
|
| Top of the 2nd over - 0 runs, 2 hits, 0 errors, 2 left on base; Oakland 0 - Colorado 0 |
| BOTTOM OF THE 2ND |
|
Colorado Avalanche batting - Pitching for Oakland Oaks : RHP Jasper Schrijver
|
|
Batting: LHB Rich Rauda
|
0-0: Ball 1-0: SINGLE (Line Drive, 6MD, EV 106.9 MPH)
|
|
Batting: LHB Dan Goldberg
|
0-0: Ball 1-0: Called Strike Rich Rauda is caught stealing 2nd base 2-6 1-1: Foul Ball, location: 2F 1-2: Ball 2-2: Ball 3-2: Foul Ball, location: 2F 3-2: Strikes out swinging
|
|
Batting: RHB Marco Avina
|
0-0: Foul Ball, location: 2F 0-1: Foul Ball, location: 2F 0-2: Ball 1-2: SINGLE (Flyball, 4D, EV 84.4 MPH)
|
|
Batting: LHB Tyler Twiss
|
0-0: Ball 1-0: Called Strike 1-1: Called Strike 1-2: Strikes out swinging
|
| Bottom of the 2nd over - 0 runs, 2 hits, 0 errors, 1 left on base; Oakland 0 - Colorado 0 |
| TOP OF THE 3RD |
|
Oakland Oaks batting - Pitching for Colorado Avalanche : RHP Ted Hoffman
|
|
Batting: LHB Bill Helmer
|
0-0: Swinging Strike 0-1: Ball 1-1: Ball 2-1: Ground out 3-1 (Groundball, 34, EV 85.0 MPH)
|
|
Batting: SHB Steve McGee
|
0-0: Swinging Strike 0-1: Fly out, F8 (Flyball, 8LM, EV 91.2 MPH)
|
|
Batting: LHB Justin LeFlore
|
0-0: Called Strike 0-1: Ball 1-1: Ball 2-1: Foul Ball, location: 2F 2-2: Ball 3-2: Strikes out swinging
|
| Top of the 3rd over - 0 runs, 0 hits, 0 errors, 0 left on base; Oakland 0 - Colorado 0 |
| BOTTOM OF THE 3RD |
|
Colorado Avalanche batting - Pitching for Oakland Oaks : RHP Jasper Schrijver
|
|
Batting: LHB Bob Kaufmann
|
0-0: Foul Ball, location: 2F 0-1: Ground out U3 (Groundball, 3, EV 86.9 MPH)
|
|
Batting: RHB Ken Dunphy
|
0-0: Called Strike 0-1: Foul Ball, location: 2F 0-2: Ball 1-2: Strikes out swinging
|
|
Batting: RHB Ben Connelly
|
0-0: Swinging Strike 0-1: Ball 1-1: Ball 2-1: Swinging Strike 2-2: Foul Ball, location: 2F 2-2: Foul Ball, location: 2F 2-2: Strikes out swinging
|
| Bottom of the 3rd over - 0 runs, 0 hits, 0 errors, 0 left on base; Oakland 0 - Colorado 0 |
| TOP OF THE 4TH |
|
Oakland Oaks batting - Pitching for Colorado Avalanche : RHP Ted Hoffman
|
|
Batting: SHB Chris King
|
0-0: Ball 1-0: Ball 2-0: Ball 3-0: Called Strike 3-1: Swinging Strike 3-2: Ground out 4-3 (Groundball, 4, EV 80.0 MPH)
|
|
Batting: RHB Moises Guzman
|
0-0: SINGLE (Line Drive, 34D, EV 98.1 MPH)
|
|
Batting: RHB Mario Medina
|
0-0: Ball 1-0: Ball 2-0: Ball 3-0: Base on Balls Moises Guzman to second
|
|
Batting: RHB Edwin Nunez
|
0-0: Ball 1-0: Called Strike 1-1: Ball 2-1: Swinging Strike 2-2: Foul Ball, location: 2F 2-2: Ball 3-2: Strikes out swinging
|
|
Batting: RHB Robby Britton
|
0-0: Called Strike 0-1: Ball 1-1: Ball 2-1: Fly out, F9 (Flyball, 9, EV 80.0 MPH)
|
| Top of the 4th over - 0 runs, 1 hit, 0 errors, 2 left on base; Oakland 0 - Colorado 0 |
| BOTTOM OF THE 4TH |
|
Colorado Avalanche batting - Pitching for Oakland Oaks : RHP Jasper Schrijver
|
|
Batting: SHB Taylor Shelton
|
0-0: Ball 1-0: Foul Ball, location: 2F 1-1: Ball 2-1: Ball 3-1: Base on Balls
|
|
Batting: RHB Joe Shade
|
0-0: Foul Ball, location: 2F 0-1: Foul Ball, location: 2F 0-2: Foul Ball, location: 2F 0-2: Fielders Choice at 2nd, 6-4 (Groundball, 6, EV 97.5 MPH)
|
|
Batting: LHB Rich Rauda
|
0-0: Foul Ball, location: 2F 0-1: Ball 1-1: Foul Ball, location: 2F 1-2: Foul Ball, location: 2F 1-2: SINGLE (Line Drive, 89M, EV 101.9 MPH) Joe Shade to second
|
|
Batting: LHB Dan Goldberg
|
0-0: Foul Ball, location: 2F 0-1: Ball 1-1: Ball 2-1: Foul Ball, location: 2F 2-2: Foul Ball, location: 2F 2-2: SINGLE (Line Drive, 7LM, EV 105.0 MPH) Joe Shade to third Rich Rauda to second
|
|
Batting: RHB Marco Avina
|
0-0: SINGLE (Line Drive, 6D, EV 96.2 MPH) Joe Shade scores Rich Rauda to third Dan Goldberg to second
|
|
Batting: LHB Tyler Twiss
|
0-0: Called Strike 0-1: Ball 1-1: Called Strike 1-2: Fly out, F9 (Flyball, 9S, EV 75.0 MPH)
|
|
Batting: LHB Bob Kaufmann
|
0-0: Ball 1-0: Ball 2-0: Called Strike 2-1: Ball 3-1: SINGLE (Groundball, 6S, EV 66.2 MPH) (infield hit) Rich Rauda scores Dan Goldberg to third Marco Avina to second
|
|
Batting: RHB Ken Dunphy
|
0-0: Ball 1-0: Foul Ball, location: 2F 1-1: Ball 2-1: Foul Ball, location: 2F 2-2: Ball 3-2: Strikes out swinging
|
| Bottom of the 4th over - 2 runs, 4 hits, 0 errors, 3 left on base; Oakland 0 - Colorado 2 |
| TOP OF THE 5TH |
|
Oakland Oaks batting - Pitching for Colorado Avalanche : RHP Ted Hoffman
|
|
Batting: RHB Matt Nehman
|
0-0: Ball 1-0: Foul Ball, location: 2F 1-1: Ball 2-1: Fly out, F8 (Flyball, 8RD, EV 103.1 MPH)
|
|
Batting: LHB Bill Helmer
|
0-0: Ball 1-0: Ball 2-0: Foul Ball, location: 2F 2-1: Fly out, F4 (Line Drive, 4, EV 66.9 MPH)
|
|
Batting: SHB Steve McGee
|
0-0: Ball 1-0: Called Strike 1-1: Foul Ball, location: 2F 1-2: Strikes out swinging
|
| Top of the 5th over - 0 runs, 0 hits, 0 errors, 0 left on base; Oakland 0 - Colorado 2 |
| BOTTOM OF THE 5TH |
|
Colorado Avalanche batting - Pitching for Oakland Oaks : RHP Jasper Schrijver
|
|
Pitching: LHP Elias Pena
|
|
|
Batting: RHB Ben Connelly
|
0-0: Called Strike 0-1: Called Strike 0-2: Foul Ball, location: 2F 0-2: Ball 1-2: SINGLE (Line Drive, 34, EV 95.6 MPH)
|
|
Batting: SHB Taylor Shelton
|
0-0: Ball 1-0: Ball 2-0: Ball 3-0: Called Strike 3-1: Base on Balls Ben Connelly to second
|
|
Batting: RHB Joe Shade
|
0-0: Ball 1-0: Ball 2-0: Foul Ball, location: 2F 2-1: Called Strike 2-2: Strikes out swinging
|
|
Batting: LHB Rich Rauda
|
0-0: Ball 1-0: Foul Ball, location: 2F 1-1: Foul Ball, location: 2F 1-2: Fly out, F9 (Line Drive, 9, EV 91.9 MPH)
|
|
Batting: LHB Dan Goldberg
|
0-0: Foul Ball, location: 2F 0-1: Foul Ball, location: 2F 0-2: Strikes out swinging
|
| Bottom of the 5th over - 0 runs, 1 hit, 0 errors, 2 left on base; Oakland 0 - Colorado 2 |
| TOP OF THE 6TH |
|
Oakland Oaks batting - Pitching for Colorado Avalanche : RHP Ted Hoffman
|
|
Pitching: LHP Harley Traynor
|
|
|
Batting: LHB Justin LeFlore
|
0-0: Swinging Strike 0-1: Foul Ball, location: 2F 0-2: Strikes out looking
|
|
Batting: SHB Chris King
|
0-0: Called Strike 0-1: Swinging Strike 0-2: SINGLE (Flyball, 8LS, EV 93.1 MPH)
|
|
Batting: RHB Moises Guzman
|
Pickoff Throw to First - Error! E1 Chris King to second 0-0: Fly out, F8 (Flyball, 8LM, EV 82.5 MPH)
|
|
Batting: RHB Mario Medina
|
0-0: Called Strike 0-1: Ball 1-1: Called Strike 1-2: Ball 2-2: Foul Ball, location: 2F 2-2: Foul Ball, location: 2F 2-2: Strikes out swinging
|
| Top of the 6th over - 0 runs, 1 hit, 1 error, 1 left on base; Oakland 0 - Colorado 2 |
| BOTTOM OF THE 6TH |
|
Colorado Avalanche batting - Pitching for Oakland Oaks : LHP Elias Pena
|
|
Batting: RHB Marco Avina
|
0-0: Ball 1-0: Called Strike 1-1: Ball 2-1: Ball 3-1: Base on Balls
|
|
Batting: LHB Tyler Twiss
|
0-0: Ball 1-0: Ball 2-0: Foul Ball, location: 2F 2-1: Ball 3-1: Swinging Strike 3-2: Base on Balls Marco Avina to second
|
|
Batting: LHB Bob Kaufmann
|
0-0: Foul Ball, location: 2F 0-1: SINGLE (Line Drive, 6D, EV 94.4 MPH) Marco Avina to third Tyler Twiss to second
|
|
Batting: RHB Ken Dunphy
|
0-0: Called Strike 0-1: Foul Ball, location: 2F 0-2: Ball 1-2: Strikes out looking
|
|
Batting: RHB Ben Connelly
|
0-0: Ball 1-0: Called Strike 1-1: Ball 2-1: Called Strike 2-2: Fly out, F8 (Flyball, 78M, EV 84.4 MPH) Runner from 3rd tags up, SCORES, throw by CF
|
|
Pitching: RHP Josh Rayburn
|
|
|
Batting: SHB Taylor Shelton
|
0-0: Ball 1-0: Called Strike 1-1: Swinging Strike 1-2: Strikes out swinging
|
| Bottom of the 6th over - 1 run, 1 hit, 0 errors, 2 left on base; Oakland 0 - Colorado 3 |
| TOP OF THE 7TH |
|
Oakland Oaks batting - Pitching for Colorado Avalanche : LHP Harley Traynor
|
|
Batting: RHB Edwin Nunez
|
0-0: Called Strike 0-1: Ball 1-1: Ground out 4-3 (Groundball, 4, EV 88.1 MPH)
|
|
Batting: RHB Robby Britton
|
0-0: Called Strike 0-1: Foul Ball, location: 2F 0-2: Ground out 5-3 (Groundball, 56, EV 80.0 MPH)
|
|
Batting: RHB Matt Nehman
|
0-0: Foul Ball, location: 2F 0-1: Called Strike 0-2: Ground out 6-3 (Groundball, 6, EV 86.2 MPH)
|
| Top of the 7th over - 0 runs, 0 hits, 0 errors, 0 left on base; Oakland 0 - Colorado 3 |
| BOTTOM OF THE 7TH |
|
Colorado Avalanche batting - Pitching for Oakland Oaks : RHP Josh Rayburn
|
|
Batting: RHB Joe Shade
|
0-0: Ball 1-0: Called Strike 1-1: Swinging Strike 1-2: Ball 2-2: Ball 3-2: Strikes out swinging
|
|
Batting: LHB Rich Rauda
|
0-0: Ball 1-0: Foul Ball, location: 2F 1-1: Foul Ball, location: 2F 1-2: Foul Ball, location: 2F 1-2: Foul Ball, location: 2F 1-2: Strikes out swinging
|
|
Batting: LHB Dan Goldberg
|
0-0: Called Strike 0-1: Ground out U3 (Groundball, 34, EV 103.1 MPH)
|
| Bottom of the 7th over - 0 runs, 0 hits, 0 errors, 0 left on base; Oakland 0 - Colorado 3 |
| TOP OF THE 8TH |
|
Oakland Oaks batting - Pitching for Colorado Avalanche : LHP Harley Traynor
|
|
Pitching: RHP David Spangler
|
|
|
Batting: LHB Bill Helmer
|
0-0: Foul Ball, location: 2F 0-1: Ground out 4-3 (Groundball, 4, EV 80.0 MPH)
|
|
Batting: SHB Steve McGee
|
0-0: Ball 1-0: Ground out U3 (Groundball, 3, EV 86.9 MPH)
|
|
Batting: LHB Justin LeFlore
|
0-0: Ball 1-0: Ground out 4-3 (Groundball, 4, EV 85.6 MPH)
|
| Top of the 8th over - 0 runs, 0 hits, 0 errors, 0 left on base; Oakland 0 - Colorado 3 |
| BOTTOM OF THE 8TH |
|
Colorado Avalanche batting - Pitching for Oakland Oaks : RHP Josh Rayburn
|
|
Batting: RHB Marco Avina
|
0-0: Ball 1-0: Foul Ball, location: 2F 1-1: Foul Ball, location: 2F 1-2: Ball 2-2: Strikes out looking
|
|
Batting: LHB Tyler Twiss
|
0-0: Ball 1-0: Swinging Strike 1-1: Ball 2-1: Called Strike 2-2: Ball 3-2: Strikes out swinging
|
|
Batting: LHB Bob Kaufmann
|
0-0: Called Strike 0-1: Foul Ball, location: 2F 0-2: Strikes out swinging
|
| Bottom of the 8th over - 0 runs, 0 hits, 0 errors, 0 left on base; Oakland 0 - Colorado 3 |
| TOP OF THE 9TH |
|
Oakland Oaks batting - Pitching for Colorado Avalanche : RHP David Spangler
|
|
Batting: SHB Chris King
|
0-0: Ball 1-0: Ball 2-0: Called Strike 2-1: Ball 3-1: Called Strike 3-2: Strikes out swinging
|
|
Batting: RHB Moises Guzman
|
0-0: Called Strike 0-1: Ball 1-1: Ball 2-1: Ball 3-1: Base on Balls
|
|
Pinch Hitting: RHB Pat Betancourt
|
0-0: Fly out, F8 (Flyball, 89XD, EV 106.9 MPH)
|
|
Pinch Hitting: LHB Justin Conley
|
0-0: Ball 1-0: Ground out 6-3 (Groundball, 4MS, EV 81.9 MPH)
|
| Top of the 9th over - 0 runs, 0 hits, 0 errors, 1 left on base; Oakland 0 - Colorado 3 |
|